 Dungeon Crawl Stone Soup version 0.31-a0-220-gc2f4f3cf83 (webtiles) character file.

Game seed: 13437972614012765995

107 qw the Shooter (level 4, -1/36 HPs)
             Began as a Minotaur Hexslinger on July 3, 2023.
             Slain by a scorpion (2 damage)
             ... on level 4 of the Dungeon.
             The game lasted 00:00:43 (2064 turns).

qw the Shooter (Minotaur Hexslinger)                Turns: 2064, Time: 00:00:44

Health: -1/36      AC:  3    Str: 13    XL:     4   Next: 57%
Magic:  4/4        EV: 12    Int: 10    God:
Gold:   143        SH:  5    Dex: 14    Spells: 4/5 levels left

rFire   + . .        Y - +1 sling
rCold   . . .        (no shield)
rNeg    . . .        e - +0 leather armour {rF+}
rPois   .            (helmet restricted)
rElec   .            (no cloak)
rCorr   .            (no gloves)
SInv    .            (no boots)
Will    .....        h - amulet of reflection
Stlth   +            (no ring)
HPRegen 0.26/turn    (no ring)
MPRegen 0.09/turn

%: reflection
@: lethally poisoned (-1 -> -5), about to teleport
A: horns 2, retaliatory headbutt
a: no special abilities


You were on level 4 of the Dungeon.
You visited 1 branch of the dungeon, and saw 4 of its levels.

You collected 143 gold pieces.


Innate Abilities, Weirdness & Mutations

You have a pair of horns on your head.
You reflexively headbutt those who attack you in melee.


   Skills:
 - Level 2.0 Fighting
 + Level 4.6 Ranged Weapons
 - Level 2.0 Armour
 - Level 2.1 Dodging
 - Level 1.0 Spellcasting
 - Level 2.0 Hexes


You had 4 spell levels left.
You knew the following spells:

 Your Spells              Type           Power      Damage    Failure   Level
a - Slow                  Hex            16%        N/A       19%         1

Your spell library contained the following spells:

 Spells                   Type           Power      Damage    Failure   Level
 Inner Flame              Hex/Fire       2%         N/A       65%         3
 Portal Projectile        Hex/Tloc       4%         N/A       65%         3
 Cause Fear               Hex            2%         N/A       88%         4

Inventory:

Hand Weapons
 Y - a +1 sling (weapon)
Armour
 e - a +0 leather armour of fire resistance (worn)
 g - a +0 ring mail
Jewellery
 h - an amulet of reflection (around neck)
Scrolls
 b - a scroll of identify
Potions
 c - a potion of enlightenment {unknown}
 d - a potion of haste {unknown}
 f - a potion of berserk rage {unknown}
 i - 3 potions of curing
 l - a potion of magic {unknown}
 n - a potion of degeneration {unknown}

Dungeon Overview and Level Annotations

Branches:
Dungeon (4/15)
 Temple: D:4-7

Altars:

Annotations:
D:3 3 runed translucent doors, qw's ghost, amateur GrFi


Message History

You shoot a sling bullet. The sling bullet hits the scorpion.
The scorpion is heavily wounded.
The scorpion misses you. You block the scorpion's attack.
You shoot a sling bullet.
The sling bullet barely misses the scorpion.
The scorpion stings you!
You shoot a sling bullet. The sling bullet hits the scorpion.
The scorpion is heavily wounded.
You block the scorpion's attack. The scorpion stings you.
You are poisoned.
The scorpion poisons you!
You shoot a sling bullet. The sling bullet hits the scorpion.
The scorpion is severely wounded.
You feel very sick. The scorpion stings you.
You shoot a sling bullet.
The sling bullet closely misses the scorpion.
You feel sick. The scorpion closely misses you. The scorpion stings you.
You are more poisoned.
The scorpion poisons you!
You shoot a sling bullet.
The sling bullet completely misses the scorpion.
You feel very sick. The scorpion stings you.
2062 ||| READING scroll of teleportation.
As you read the scroll of teleportation, it crumbles to dust.
You feel strangely unstable.
You feel very sick. You block the scorpion's attack.
You shoot a sling bullet.
The sling bullet hits the scorpion but does no damage.
The scorpion is severely wounded.
You feel very sick. The scorpion barely misses you.
The scorpion closely misses you. You furiously retaliate!
You headbutt the scorpion. You shoot a sling bullet.
The sling bullet hits the scorpion but does no damage.
The scorpion is severely wounded.
You feel sick. The scorpion stings you.
You die...

##+# #+#####..#
#........#
#........##
#......:>.#
#.....s...# #@#
###############.##
#.........'......#
#.........#......+
##.###############
###.#####
........#
........#
........#


You could see a scorpion.

Vanquished Creatures
  An iguana (D:3)
  2 adders
  A worm (D:3)
  3 dart slugs
  6 ball pythons
  An endoplasm (D:1)
  3 giant cockroaches (D:2)
  4 goblins
  4 hobgoblins
  6 jackals (D:1)
  4 quokkas
  6 bats
  3 frilled lizards
  3 kobolds
  4 rats
51 creatures vanquished.

Notes
Turn   | Place    | Note
-------+----------+-------------------------------------------
     0 | D:1      | qw the Minotaur Hexslinger began the quest for the Orb.
     0 | D:1      | Reached XP level 1. HP: 16/16 MP: 1/1
     0 | D:1      | 0 ||| qw: Version: 0.3-a-40-ge99b1a8
     0 | D:1      | 0 ||| qw: Game counter: 458
     0 | D:1      | 0 ||| qw: Melee chars always use a shield: true
     0 | D:1      | 0 ||| qw: God list: Okawaru
     0 | D:1      | 0 ||| qw: Allow faded altars: false
     0 | D:1      | 0 ||| qw: Do Orc after clearing Dungeon:15 true
     0 | D:1      | 0 ||| qw: Do second Lair branch before Depths: true
     0 | D:1      | 0 ||| qw: Lair rune preference: random
     0 | D:1      | 0 ||| qw: Goals: Normal
     0 | D:1      | 0 ||| PLANNING D:1-11
    91 | D:1      | Reached skill level 3 in Ranged Weapons
    91 | D:1      | Reached XP level 2. HP: 23/23 MP: 2/2
   572 | D:1      | 572 ||| UPGRADING to +0 leather armour.
   582 | D:1      | 582 ||| DROPPING +0 robe.
   583 | D:1      | 583 ||| UPGRADING to +0 ring mail.
   593 | D:1      | 593 ||| DROPPING +0 leather armour.
   594 | D:1      | 594 ||| UPGRADING to amulet of reflection.
   599 | D:1      | 599 ||| DROPPING amulet of the acrobat.
   600 | D:1      | 600 ||| READING scroll labelled BAAVOASOJORO.
   601 | D:1      | 601 ||| READING scroll labelled KYOCANN JOIBY.
   602 | D:1      | 602 ||| DROPPING scroll of poison.
   701 | D:2      | Reached XP level 3. HP: 27/29 MP: 3/3
  1012 | D:2      | Reached skill level 4 in Ranged Weapons
  1196 | D:2      | 1196 ||| READING 2 scrolls labelled PEBUL QOOTI.
  1200 | D:2      | 1200 ||| READING 2 scrolls labelled GIXONU VAOH.
  1201 | D:2      | 1201 ||| READING scroll labelled QUJEGHAAFU.
  1202 | D:2      | 1202 ||| DRINKING 3 white potions.
  1257 | D:3      | Reached XP level 4. HP: 23/36 MP: 4/4
  1308 | D:3      | Found a runed translucent gate.
  1324 | D:3      | Found a runed translucent gate.
  1325 | D:3      | Found a runed translucent gate.
  1328 | D:3      | Noticed qw's ghost (amateur GrFi)
  1950 | D:3      | 1950 ||| UPGRADING to +0 leather armour of fire resistance.
  1960 | D:3      | 1960 ||| DRINKING 2 gluggy blue potions.
  2001 | D:3      | 2001 ||| DROPPING potion of lignification.
  2053 | D:4      | Noticed a scorpion
  2061 | D:4      | HP: 7/36 [scorpion (4)]
  2062 | D:4      | 2062 ||| READING scroll of teleportation.
  2063 | D:4      | HP: 2/36 [poisoned by a scorpion]
  2064 | D:4      | Slain by a scorpion

Levels and vault maps discovered:
D:1:      ncdulo_watergridlock, layout_loops_cross, chequers_mini_garden
D:2:      layout_basic, minmay_tiny_reverse_x
D:3:      layout_basic, gammafunk_ghost_necromancy
D:4:      layout_gridville, solitary_fountain, minmay_ruined_shrine,
          uniq_grinder, uniq_pikel, uniq_robin

Skill      XL: |  1  2  3 |
---------------+----------+-----
Ranged Weapons | 3 4 |  4.6
Fighting       | 2 |  2.0
Armour         | 2 |  2.0
Dodging        | |  2.1
Spellcasting   | |  1.0
Hexes          | |  2.0

Action                     |  1- 3 |  4- 6 || total
---------------------------+-------+-------++-------
   Fire: Sling             |    89 |    46 ||   135
    Use: Scroll            |     5 |     1 ||     6
         Potion            |     1 |     1 ||     2
 Armour: Robe              |     3 |       ||     3
         Ring mail         |     6 |     7 ||    13
  Dodge: Dodged            |    17 |    10 ||    27
  Block: Other             |     6 |     7 ||    13

Table legend:
 A = Non-vault XP
 B = Vault XP
 C = Vault XP percentage of total XP
 D = Non-vault monster count
 E = Vault monster count
 F = Vault count percentage of total count
                 A         B        C        D         E       F
            +---------+---------+-------+---------+---------+-------
      Total |     150 |       4 |   2.6 |      49 |       2 |   3.9
            +---------+---------+-------+---------+---------+-------
        D:1 |      30 |       0 |   0.0 |      17 |       0 |   0.0
        D:2 |      41 |       4 |   8.9 |      16 |       2 |  11.1
        D:3 |      79 |       0 |   0.0 |      16 |       0 |   0.0
            +---------+---------+-------+---------+---------+-------
